Map: Ley Lines

Players

ManlyManMeat

  • Race: Zerg Zerg
  • League: Platinum
  • Spawn Location: 7:00

VOD

Have the link to the VOD?

Description

Time

  • Played on: June 21, 2025, 8:04 a.m.
  • Length: 9:26
Show
View Real Time Build Order
Export as new Build Order

ManlyManMeat Zerg 

Build Orders:  

Get SALT Encoding   

  12  0:02  Drone  
  13  0:11  Drone  
  14  0:37  Overlord  
  14  1:14  Drone x2  
  14  1:17  Drone  
  17  1:22  Extractor  
  17  1:25  Extractor  
  15  1:30  Drone  
  16  1:49  Drone  
  17  2:01  Drone  
  18  2:14  Drone  
  19  2:28  Spawning Pool  
  18  2:32  Drone  
  20  2:47  Overlord  
  20  3:08  Drone  
  21  3:14  Hatchery  
  21  3:17  Drone  
  21  3:30  Drone  
  22  3:45  Drone  
  24  4:01  Hatchery  
  24  4:04  Hatchery  
  24  4:09  Spawning Pool  
  24  4:24  Extractor  
  24  4:29  Drone x2  
  26  5:29  Overlord  
  26  5:30  Drone  
Tags
 
League
Platinum
Matchup
Co-op
Add a new tag
Caveats
  • Supply blocks, unpowered buildings, or Contaminate may cause inaccurate times.
  • Supply counts are checked every 10 seconds.